 Dungeon Crawl Stone Soup version 0.31-a0-188-g5e087ee2ca (webtiles) character file.

Game seed: 996201880528671601

24 qw the Shooter (level 2, -1/16 HPs)
             Began as a Deep Elf Hunter on June 22, 2023.
             Slain by a worm (9 damage)
             ... on level 2 of the Dungeon.
             The game lasted 00:00:15 (752 turns).

qw the Shooter (Deep Elf Hunter)                     Turns: 752, Time: 00:00:16

Health: -1/16      AC:  3    Str:  8    XL:     2   Next: 79%
Magic:  4/4        EV: 12    Int: 13    God:
Gold:   21         SH:  0    Dex: 18    Spells: 1/1 levels left

rFire   . . .        Y - +0 shortbow
rCold   . . .        (shield currently unavailable)
rNeg    . . .        c - +0 leather armour
rPois   .            (no helmet)
rElec   .            (no cloak)
rCorr   .            (no gloves)
SInv    .            (no boots)
Will    .....        (no amulet)
Stlth   ++           (no ring)
HPRegen 0.22/turn    (no ring)
MPRegen 0.09/turn

%: no passive effects
@: no status effects
A: no striking features
a: no special abilities


You were on level 2 of the Dungeon.
You visited 1 branch of the dungeon, and saw 2 of its levels.

You collected 21 gold pieces.


   Skills:
 - Level 1.5 Fighting
 + Level 6.5 Ranged Weapons
 - Level 2.4 Dodging
 - Level 1.2 Stealth


You had one spell level left.
You didn't know any spells.
Your spell library was empty.

Inventory:

Hand Weapons
 Y - a +0 shortbow (weapon)
Armour
 c - a +0 leather armour (worn)
Potions
 e - a potion of attraction {unknown}
 g - a potion of enlightenment {unknown}

Dungeon Overview and Level Annotations

Branches:
Dungeon (2/15)

Altars:


Message History

As you read the scroll labelled YTREHO SULAR, it crumbles to dust.
You hear a loud clanging noise!
It was a scroll of noise.
686 ||| DROPPING scroll of butterflies.
You drop a scroll of butterflies.
(D) Dungeon
Where to? (* - list waypoints, ? - help)
What level of the Dungeon? (default 1, ? - help)
You see here 6 stones.
You open the door.
There is an open door here.
There is a stone staircase leading down here.
You climb downwards.
Found a stone staircase leading down.
There is a stone staircase leading up here.
A giant cockroach is nearby!
Waypoint 1 assigned to D:2.
You shoot an arrow. The arrow hits the giant cockroach!
You kill the giant cockroach!
A worm comes into view.
A rat comes into view.
You shoot an arrow. The arrow completely misses the worm.
You shoot an arrow. The arrow hits the worm.
The worm is lightly wounded.
You shoot an arrow. The arrow hits the worm!
The worm is heavily wounded.
The worm closely misses you. The rat closely misses you.
You shoot an arrow. The arrow hits the worm.
The worm is severely wounded.
The rat bites you. The worm closely misses you.
You shoot an arrow. The arrow hits the worm.
The worm is almost dead.
The rat bites you but does no damage. The worm bites you!
Ouch! That really hurt!
You shoot an arrow. The arrow completely misses the worm.
The rat bites you but does no damage. The rat closely misses you.
You shoot an arrow.
The arrow hits the worm but does no damage.
The worm is almost dead.
The worm bites you!
Ouch! That really hurt!
You die...

..............
..............
.............#
.............#
..>......#..#
...........#
##.....#.#
##....@w..#
#.....r#..#
#..#.#<## ...#
. #...# ###
.......
#.........
...........
............
.............


You could see a worm and a rat.

Vanquished Creatures
  A dart slug (D:1)
  An endoplasm (D:1)
  A giant cockroach (D:2)
  3 hobgoblins (D:1)
  2 jackals (D:1)
  A ball python (D:1)
  A bat (D:1)
  4 frilled lizards (D:1)
  3 goblins (D:1)
  2 kobolds (D:1)
  4 rats (D:1)
23 creatures vanquished.

Notes
Turn   | Place    | Note
-------+----------+-------------------------------------------
     0 | D:1      | qw the Deep Elf Hunter began the quest for the Orb.
     0 | D:1      | Reached XP level 1. HP: 12/12 MP: 3/3
     0 | D:1      | 0 ||| qw: Version: 0.3-a-9-g12657ce
     0 | D:1      | 0 ||| qw: Game counter: 2777
     0 | D:1      | 0 ||| qw: Always use a shield: true
     0 | D:1      | 0 ||| qw: God list: Okawaru
     0 | D:1      | 0 ||| qw: Allow faded altars: false
     0 | D:1      | 0 ||| qw: Do Orc after D:15 true
     0 | D:1      | 0 ||| qw: Do second Lair branch before Depths: true
     0 | D:1      | 0 ||| qw: Lair rune preference: random
     0 | D:1      | 0 ||| qw: Plans: Normal
     0 | D:1      | 0 ||| PLANNING D:1-11
   269 | D:1      | Reached skill level 6 in Ranged Weapons
   269 | D:1      | Reached XP level 2. HP: 16/16 MP: 4/4
   684 | D:1      | 684 ||| READING scroll labelled CUNOSI HIXEMP.
   685 | D:1      | 685 ||| READING scroll labelled YTREHO SULAR.
   686 | D:1      | 686 ||| DROPPING scroll of butterflies.
   752 | D:2      | Slain by a worm

Levels and vault maps discovered:
D:1:      minmay_arrival_up_and_down, layout_loops_ring
D:2:      layout_rooms

Skill      XL: |  1 |
---------------+----+-----
Ranged Weapons | 6 |  6.5
Fighting       | |  1.5
Dodging        | |  2.4
Stealth        | |  1.2

Action                     || total
---------------------------++-------
   Fire: Shortbow          ||    71
    Use: Scroll            ||     2
 Armour: Leather armour    ||    15
  Dodge: Dodged            ||    20

Table legend:
 A = Non-vault XP
 B = Vault XP
 C = Vault XP percentage of total XP
 D = Non-vault monster count
 E = Vault monster count
 F = Vault count percentage of total count
                 A         B        C        D         E       F
            +---------+---------+-------+---------+---------+-------
      Total |      35 |       0 |   0.0 |      23 |       0 |   0.0
            +---------+---------+-------+---------+---------+-------
        D:1 |      33 |       0 |   0.0 |      22 |       0 |   0.0
        D:2 |       2 |       0 |   0.0 |       1 |       0 |   0.0
            +---------+---------+-------+---------+---------+-------
